 Dungeon Crawl Stone Soup version 0.22-a0-533-g4d20840 (webtiles) character file.

52 Amnesiac the Ducker (level 3, 0/19 HPs)
             Began as a Spriggan Berserker on June 22, 2018.
             Was a Believer of Trog.
             Succumbed to an adder's poison
             ... on level 1 of the Dungeon.
             The game lasted 00:02:35 (1258 turns).

Amnesiac the Ducker (Spriggan Berserker)            Turns: 1258, Time: 00:02:35

Health: 0/19       AC:  2    Str: 18 (19) XL:     3   Next: 60%
Magic:  4/4        EV: 19    Int:  5 (8)  God:    Trog [**....]
Gold:   71         SH:  0    Dex: 12 (15) Spells: 2/2 levels left

rFire    . . .     SeeInvis +   a - +0 short sword
rCold    . . .     Gourm    .   (shield restricted)
rNeg     . . .     Faith    .   m - +0 animal skin
rPois    .         Spirit   .   (helmet restricted)
rElec    .         Reflect  .   (no cloak)
rCorr    .         Harm     .   (gloves unavailable)
MR       .....                  (boots unavailable)
Stlth    ++........             (no amulet)
HPRegen  0.06/turn              (no ring)
MPRegen  0.09/turn              (no ring)

@: mighty, lethally poisoned (0 -> -1), very quick
A: very small, unfitting armour, see invisible, herbivore, speed 3, slow
metabolism 2
a: Berserk, Trog's Hand, Renounce Religion


You were on level 1 of the Dungeon.
You worshipped Trog.
Trog was pleased with you.
You were not hungry.

You visited 1 branch of the dungeon, and saw 2 of its levels.

You collected 71 gold pieces.

Inventory:

Hand Weapons
 a - a +0 short sword (weapon)
 b - a +0 hunting sling
Missiles
 e - 9 poisoned needles
 l - 31 stones (quivered)
Armour
 m - a +0 animal skin (worn)
Scrolls
 h - a scroll of teleportation {!r, unknown}
 i - a scroll of remove curse {!r, unknown}
 k - 3 scrolls of identify {!r, unknown}
 n - a scroll of enchant weapon {!r, unknown}
 o - a scroll of random uselessness {!r, unknown}
Potions
 d - a potion of might {!q}
 j - a potion of berserk rage {!q, unknown}
Comestibles
 c - 6 rations


   Skills:
 - Level 2.4 Fighting
 * Level 4.0 Short Blades
 + Level 4.8 Dodging
 + Level 3.8 Stealth


You had 2 spell levels left.
You didn't know any spells.
Your spell library was empty.

Dungeon Overview and Level Annotations

Branches:
Dungeon (2/15)

Altars:
Cheibriados


Innate Abilities, Weirdness & Mutations

You are very small and have problems with some larger weapons.
You are too small for most types of armour.
You have supernaturally acute eyesight. (SInv)
You are a herbivore.
You cover ground extremely quickly.
You need to consume almost no food.


Message History

The adder is heavily wounded.
The adder misses you.
You hit the adder.
The adder is severely wounded.
The adder completely misses you.
You miss the adder.
The adder is severely wounded.
The adder closely misses you.
You hit the adder but do no damage.
The adder is severely wounded.
The adder completely misses you. The adder barely misses you.
You miss the adder.
The adder is severely wounded.
The adder bites you.
You are poisoned.
The adder poisons you!
You hit the adder but do no damage.
The adder is severely wounded.
You feel sick. The adder completely misses you.
You barely miss the adder.
The adder is severely wounded.
The adder completely misses you.
You hit the adder.
You kill the adder!
Trog accepts your kill.
You feel sick.
You hit the goblin.
You kill the goblin!
Trog accepts your kill.
Your Short Blades skill increases to level 4!
Things that are here:
a dagger; a goblin corpse; an adder corpse You feel sick.
You hit the hobgoblin.
The hobgoblin is moderately wounded.
The hobgoblin hits you with a club.
* * * LOW HITPOINT WARNING * * *
You hit the hobgoblin but do no damage.
The hobgoblin is moderately wounded.
The hobgoblin completely misses you.
You hit the hobgoblin but do no damage.
The hobgoblin is moderately wounded.
You hit the hobgoblin but do no damage.
The hobgoblin is moderately wounded.
You feel sick. The hobgoblin hits you with a club.
* * * LOW HITPOINT WARNING * * *
Things that are here:
a dagger; a goblin corpse; an adder corpse
* * * LOW HITPOINT WARNING * * *
You feel sick.
There is an escape hatch in the ceiling here.
A mysterious force pulls you upwards. The hatch slams shut behind you.
* * * LOW HITPOINT WARNING * * *
You feel sick.
Really quaff
d - 2 golden potions {!q}?
It was a potion of might {!q}.
You feel very mighty all of a sudden.
Really quaff
f - an inky potion {!q}?
It was a potion of magic {!q}.
Magic courses through your body.
Really quaff
g - a smoky pink potion {!q}?
It was a potion of degeneration {!q}.
There was something very wrong with that liquid.
You feel weakened.
You feel dopey.
You feel clumsy.
You die...

#.....##...##.....#####.########.
#......†....'....................
#.........#.#.....#########'#####
##....###.#.#.....# #....###
#....# #.#.#.....# #....+..
##....###.#.#.....# #....###
.'....'.#.#.#.....# #....#
##....#.#.#.#..÷..# #....#
#....#.#.#.#...@.# #....#
#....#.#.#.#.....# #....#
###...#.#.#.#.....# ######
#8#+###.#.#.####### ....# #.#.#.#
....# #.#.#.# ....###.#.#.#
#8#.....#.#.# #########.#.#


There were no monsters in sight!

Vanquished Creatures
  An adder (D:2)
  4 dart slugs
  A leopard gecko (D:1)
  5 bats
  6 goblins
  6 hobgoblins
  6 kobolds
  3 frilled lizards
  2 rats
34 creatures vanquished.

Notes
Turn   | Place    | Note
-------+----------+-------------------------------------------
     0 | D:1      | Amnesiac the Spriggan Berserker began the quest for the Orb.
     0 | D:1      | Reached XP level 1. HP: 11/11 MP: 2/2
    59 | D:1      | Reached skill level 1 in Stealth
   457 | D:1      | Reached XP level 2. HP: 10/16 MP: 3/3
   754 | D:1      | Reached ** piety under Trog
   754 | D:1      | Reached XP level 3. HP: 19/19 MP: 4/4
   996 | D:2      | Found a snail-covered altar of Cheibriados.
  1258 | D:1      | Succumbed to an adder's poison

Vault maps used:
D:1:      matt_arrival_refuge, serial_corexii_hall, corexii_hall_statues_t,
          corexii_hall_statues_s, minmay_misc_feat_tiny, st_stairs_1,
          minmay_tetromino_t4
D:2:      kennysheep_slug_shrine

Skill      XL: |  1  2  3 |
---------------+----------+-----
Stealth        | 2 3 |  3.8
Short Blades   | 4 |  4.0
Fighting       | |  2.4
Dodging        | |  4.8

Action                   || total
-------------------------++-------
Melee: Short sword       ||   125
  Use: Potion            ||     3
 Stab: Sleeping          ||     6
Armor: Animal skin       ||    11
Dodge: Dodged            ||    90

Table legend:
 A = Spawn XP
 B = Non-spawn XP
 C = Spawn XP percentage of total XP
 D = Spawn monster count
 E = Non-spawn monster count
 F = Spawn count percentage of total count
 G = Total turns spent on level
                    A         B        C        D         E        F      G
               +---------+---------+-------+---------+---------+-------+---------
         Total |       0 |      75 |   0.0 |       0 |      34 |   0.0 |  1258
               +---------+---------+-------+---------+---------+-------+---------
           D:1 |       0 |      47 |   0.0 |       0 |      24 |   0.0 |   998
           D:2 |       0 |      28 |   0.0 |       0 |      10 |   0.0 |   260
               +---------+---------+-------+---------+---------+-------+---------
